[Event "Titled Tuesday Blitz April 4 Early 2023"]
[White "Iliaguev, Nisim"]
[Black "Pham, Le Thao Nguyen"]
[WhiteFideId "2817276"]
[BlackFideId "12401226"]
[WhiteElo "2241"]
[BlackElo "2286"]
[Result "1-0"]
[Round "04"]
[TimeControl "180+2"]
[Date "2023.04.04"]
[WhiteClock "0:01:40"]
[BlackClock "0:00:03"]

1. d4 d5 2. c4 c6 3. cxd5 cxd5 4. Nf3 Nf6 5. g3 Nc6 6. Bg2 Bf5 7. O-O e6 8. Nc3 Be7 9. Nh4 Bg4 10. h3 Bh5 11. g4 Nd7 12. gxh5 Bxh4 13. e4 dxe4 14. Nxe4 O-O 15. h6 g6 16. Be3 Be7 17. Rc1 Rc8 18. Qe2 Qa5 19. a3 Rfd8 20. Rfd1 Qf5 21. d5 exd5 22. Ng3 Qf6 23. Bxd5 Nde5 24. Kg2 Bf8 25. b4 a6 26. Ne4 Qf5 27. Bg5 Rd6 28. h4 Rcd8 29. Nxd6 Rxd6 30. Be4 Qe6 31. Rxd6 Bxd6 32. Bxc6 bxc6 33. Rd1 f6 34. Bf4 Be7 35. Bxe5 fxe5 36. Qe4 Kf7 37. Rd3 Bf6 38. Rc3 Qf5 39. Qxf5 gxf5 40. Rxc6 1-0


[Site "https://www.chess.com"]

[Event "Titled Tuesday Blitz April 4 Early 2023"]
[White "Drori, Saar"]
[Black "Horvath, Dominik"]
[WhiteFideId "2812444"]
[BlackFideId "1642561"]
[WhiteElo "2322"]
[BlackElo "2407"]
[Result "0-1"]
[Round "04"]
[TimeControl "180+2"]
[Date "2023.04.04"]
[WhiteClock "0:00:02"]
[BlackClock "0:00:26"]

1. e4 e5 2. Nf3 Nc6 3. Bc4 Bc5 4. c3 Nf6 5. d3 O-O 6. O-O d5 7. exd5 Nxd5 8. a4 Nb6 9. Bb3 a5 10. h3 Bf5 11. Bc2 Bg6 12. Re1 Re8 13. Be3 Bf8 14. Bxb6 cxb6 15. Qe2 Rc8 16. Na3 Bc5 17. Nb5 Qd7 18. Rad1 Rcd8 19. Nh4 Qe7 20. Nxg6 hxg6 21. d4 exd4 22. Qxe7 Rxe7 23. Rxe7 Bxe7 24. cxd4 Bf6 25. d5 Nb4 26. Be4 Bxb2 27. d6 Nc6 28. f4 Kf8 29. Kf2 Rd7 30. Ke3 Bf6 31. g4 g5 32. Bf5 Rd8 33. h4 gxf4+ 34. Kxf4 g6 35. Be4 Bxh4 36. g5 f6 37. gxf6 Kf7 38. d7 Bxf6 39. Bxc6 bxc6 40. Na7 Ke6 41. Nxc6 Rxd7 42. Re1+ Kd6 43. Nb8 Rd8 44. Rd1+ Kc7 45. Rxd8 Bxd8 0-1


[Site "https://www.chess.com"]

[Event "Titled Tuesday Blitz April 4 Early 2023"]
[White "Cherniaiev, Tykhon"]
[Black "Budrewicz, Krzysztof"]
[WhiteFideId "14182360"]
[BlackFideId "1127950"]
[WhiteElo "2450"]
[BlackElo "2230"]
[Result "1-0"]
[Round "04"]
[TimeControl "180+2"]
[Date "2023.04.04"]
[WhiteClock "0:00:03"]
[BlackClock "0:00:44"]

1. Nf3 Nf6 2. d4 g6 3. c4 Bg7 4. Nc3 O-O 5. e4 d6 6. Be2 Nbd7 7. O-O e5 8. h3 c6 9. Be3 Qe7 10. Qc2 Re8 11. d5 c5 12. a3 Nh5 13. b4 b6 14. Nb5 Nf8 15. bxc5 bxc5 16. Rab1 Nf4 17. Nc3 f5 18. Bxf4 exf4 19. Bd3 Bxc3 20. Qxc3 fxe4 21. Bxe4 Qg7 22. Qc2 g5 23. Bf5 h6 24. Rfe1 Bxf5 25. Qxf5 Rxe1+ 26. Rxe1 Qf7 27. Qd3 Re8 28. Rxe8 Qxe8 29. Qf5 Qf7 30. Qg4 Qd7 31. Qh5 Qf7 32. Qxh6 Qg6 33. Qxg5 Qxg5 34. Nxg5 Ng6 35. Ne4 Ne5 36. Nxd6 Kf8 37. a4 Ke7 38. Ne4 Nxc4 39. Nxc5 Kd6 40. Nd3 f3 41. gxf3 Kxd5 42. h4 a5 43. h5 Ke6 44. Kg2 Nb6 45. Nc5+ Kf5 46. Kg3 Nc4 47. f4 Nd2 48. f3 Nc4 49. Kf2 Nb6 50. Ke2 Nd5 51. h6 Kg6 52. Nd3 Nc3+ 53. Ke3 Nxa4 54. Kd4 Nb6 55. Kc5 Nd7+ 56. Kd6 Nf6 57. Ke6 Nh5 58. f5+ Kxh6 59. f6 a4 60. f7 Kg7 61. Ke7 1-0


[Site "https://www.chess.com"]

[Event "Titled Tuesday Blitz April 4 Early 2023"]
[White "Buksa, Nataliya"]
[Black "Bocharov, Dmitry"]
[WhiteFideId "14123622"]
[BlackFideId "4138716"]
[WhiteElo "2316"]
[BlackElo "2469"]
[Result "1/2-1/2"]
[Round "04"]
[TimeControl "180+2"]
[Date "2023.04.04"]
[WhiteClock "0:00:07"]
[BlackClock "0:00:09"]

1. d4 d5 2. Nc3 Nf6 3. Bf4 a6 4. e3 b5 5. Nf3 e6 6. Bd3 Bb7 7. a4 b4 8. Nb1 c5 9. dxc5 Nbd7 10. c6 Bxc6 11. Nbd2 Be7 12. O-O O-O 13. Qe2 a5 14. Rfd1 Qb6 15. e4 dxe4 16. Nxe4 Nxe4 17. Bxe4 Bxe4 18. Rxd7 Bxf3 19. Qxf3 Bf6 20. Rad1 Rac8 21. h4 Qc6 22. Qxc6 Rxc6 23. Bc7 Rxc2 24. b3 Rb2 25. Bxa5 Rxb3 26. Rb7 Bc3 27. Rd3 h5 28. g3 Ra8 29. Bb6 Rb1+ 30. Kg2 Bf6 31. a5 b3 32. Bc7 b2 33. Rdb3 Rc1 34. Bf4 Rxa5 35. Rb8+ Kh7 36. Rxb2 Bxb2 37. Rxb2 Rd1 38. Be3 Rf5 39. Rb7 Kg6 40. Rb2 Rdd5 41. Rb3 f6 42. Rb7 Rb5 43. Rc7 Rfe5 44. Bd4 Red5 45. Be3 e5 46. Kf3 Rb4 47. Rc6 Rd3 48. Ke2 Kf5 49. Kf3 g6 50. Kg2 Rdb3 51. Kf3 Rd4 52. Ra6 Rdd3 53. Ke2 Rdc3 54. Kf3 e4+ 55. Ke2 Rc2+ 56. Kf1 g5 57. Ra5+ Kg4 58. hxg5 f5 59. g6 Rc6 60. g7 Rg6 61. Ra7 Rb8 62. Kg2 Rg8 63. Bd4 h4 64. gxh4 Kxh4+ 65. Kf1 Kg4 66. Ke2 f4 67. Re7 Kf5 68. Re5+ Kg4 69. Rxe4 R6xg7 70. Bxg7 Rxg7 71. Re6 Kf5 72. Re8 Ra7 73. Rf8+ Ke4 74. Re8+ Kf5 75. Rf8+ Ke4 76. f3+ Ke5 77. Re8+ Kf5 78. Rf8+ Ke5 79. Re8+ Kf5 80. Rf8+ Ke5 1/2-1/2


[Site "https://www.chess.com"]

[Event "Titled Tuesday Blitz April 4 Early 2023"]
[White "TimGrutter03"]
[Black "Csonka, Balazs"]
[BlackFideId "742910"]
[WhiteElo "2546"]
[BlackElo "2404"]
[Result "0-1"]
[Round "04"]
[TimeControl "180+2"]
[Date "2023.04.04"]
[WhiteClock "0:00:04"]
[BlackClock "0:00:09"]

1. e4 e6 2. d4 d5 3. Nc3 Nf6 4. Bg5 Bb4 5. Ne2 dxe4 6. a3 Be7 7. Bxf6 gxf6 8. Nxe4 b6 9. Qd2 Bb7 10. N4c3 Nc6 11. O-O-O Qd7 12. g3 Na5 13. Rg1 O-O-O 14. Qd3 f5 15. Bg2 Bxg2 16. Rxg2 Bf6 17. Qf3 Kb8 18. d5 Qe7 19. Rgg1 Nc4 20. Kb1 Qc5 21. dxe6 fxe6 22. Ka2 a6 23. Rxd8+ Rxd8 24. Rd1 Rxd1 25. Nxd1 Nxb2 26. Nxb2 Qxc2 27. Qb3 Qxe2 28. a4 Kb7 29. a5 Qxb2+ 30. Qxb2 Bxb2 31. Kxb2 b5 0-1


[Site "https://www.chess.com"]

[Event "Titled Tuesday Blitz April 4 Early 2023"]
[White "Yanchenko, Roman"]
[Black "Filgueira, Hernan"]
[WhiteFideId "4137329"]
[BlackFideId "101770"]
[WhiteElo "2491"]
[BlackElo "2363"]
[Result "1-0"]
[Round "04"]
[TimeControl "180+2"]
[Date "2023.04.04"]
[WhiteClock "0:00:22"]
[BlackClock "0:00:05"]

1. d4 d5 2. Nf3 Nf6 3. c4 dxc4 4. Nc3 c6 5. Bf4 b5 6. e3 g6 7. a4 b4 8. Na2 Bg7 9. Bxc4 O-O 10. O-O a5 11. Rc1 Nbd7 12. Ne5 Bb7 13. Qb3 e6 14. Rfd1 Qb6 15. Bxe6 Nxe5 16. dxe5 Nh5 17. Bc4 Nxf4 18. exf4 c5 19. Bd5 Rad8 20. Bxb7 Qxb7 21. Rxc5 Qe4 22. g3 Qe2 23. Rcc1 h5 24. h4 Rfe8 25. Kg2 Bf8 26. Rxd8 Rxd8 27. Rc7 Qe4+ 28. Qf3 Qf5 29. Nc1 Rd2 30. b3 Rc2 31. Rxc2 Qxc2 32. Ne2 Bc5 33. f5 gxf5 34. Nf4 Kf8 35. e6 Qe4 36. exf7 Kxf7 37. Qxe4 fxe4 38. Nxh5 Ke6 39. Nf4+ Ke5 40. Ne2 Bf8 41. f3 e3 42. g4 Be7 43. Kg3 Bd6 44. h5 Kf6+ 45. f4 Ke6 46. Kf3 Bc5 47. Ke4 Bb6 48. g5 Kf7 49. f5 Kg7 50. f6+ Kf7 51. Kf5 1-0


[Site "https://www.chess.com"]

[Event "Titled Tuesday Blitz April 4 Early 2023"]
[White "Krysa, Leandro"]
[Black "Omelja, Artem"]
[WhiteFideId "116807"]
[BlackFideId "14119846"]
[WhiteElo "2489"]
[BlackElo "2404"]
[Result "0-1"]
[Round "04"]
[TimeControl "180+2"]
[Date "2023.04.04"]
[WhiteClock "0:00:03"]
[BlackClock "0:00:15"]

1. e4 c5 2. Nf3 Nc6 3. d4 cxd4 4. Nxd4 Nf6 5. Nc3 e5 6. Ndb5 d6 7. Nd5 Nxd5 8. exd5 Nb8 9. g4 Be7 10. Be3 a6 11. Nc3 O-O 12. h4 Nd7 13. Qd2 b5 14. g5 Bb7 15. a3 Rc8 16. Bh3 Rc4 17. Bf5 Nb6 18. Be4 Rxe4 19. Nxe4 Nxd5 20. O-O-O Qc7 21. Rh3 Rc8 22. Kb1 b4 23. a4 Qa5 24. b3 Nc3+ 25. Nxc3 bxc3 26. Qc1 Qb4 27. g6 hxg6 28. h5 Be4 29. Ka2 d5 30. hxg6 fxg6 31. f3 Bf5 32. Rh2 d4 33. Bf2 Be6 34. Kb1 Rb8 35. Rdh1 Kf7 36. Rh8 Rxh8 37. Rxh8 Bxb3 38. cxb3 Qxb3+ 39. Ka1 Ba3 0-1


[Site "https://www.chess.com"]

[Event "Titled Tuesday Blitz April 4 Early 2023"]
[White "Sharapov, Evgeny"]
[Black "Prohaszka, Peter"]
[WhiteFideId "14103133"]
[BlackFideId "726265"]
[WhiteElo "2367"]
[BlackElo "2626"]
[Result "1-0"]
[Round "04"]
[TimeControl "180+2"]
[Date "2023.04.04"]
[WhiteClock "0:00:25"]
[BlackClock "0:00:12"]

1. e4 c6 2. d4 d5 3. e5 Bf5 4. Be3 e6 5. c4 dxc4 6. Bxc4 Bxb1 7. Qxb1 Bb4+ 8. Ke2 Ne7 9. Nf3 Nf5 10. Bd3 Nxe3 11. fxe3 h6 12. Rf1 Nd7 13. Kf2 c5 14. a3 Ba5 15. b4 cxb4 16. axb4 Bc7 17. Kg1 O-O 18. Qb3 Nb6 19. Bc2 Nd5 20. e4 Nf4 21. Qe3 Ng6 22. Kh1 Qe7 23. b5 Bb6 24. Rfd1 Rfd8 25. Qb3 Rd7 26. d5 Rad8 27. d6 Qf8 28. Bd3 Kh8 29. g3 Re8 30. Bc4 Rdd8 31. h4 f6 32. d7 Re7 33. h5 Nxe5 34. Nxe5 fxe5 35. Bxe6 Qf6 36. Bf5 Qg5 37. Qf3 Rf7 38. Qg4 Qf6 39. Rac1 Bd4 40. Rc8 Rff8 41. Rdc1 Bb6 42. Rxd8 Bxd8 43. Rc8 a5 44. bxa6 bxa6 45. Qg6 Qxg6 46. hxg6 a5 47. Ra8 Rg8 48. Be6 Rf8 49. Bf7 a4 50. Rxa4 Be7 51. Be8 Bd8 52. Ra8 Bb6 53. d8=Q Bxd8 54. Rxd8 h5 55. Rc8 h4 56. gxh4 Rg8 57. Bd7 Rxc8 58. Bxc8 Kg8 59. Kg2 Kf8 60. Kg3 Ke7 61. Kg4 Kf6 62. h5 Ke7 63. Kg5 Kd6 64. h6 gxh6+ 65. Kxh6 Kc5 66. Kg5 Kd4 67. Kf5 Ke3 68. g7 Kf3 69. g8=Q Ke3 70. Kxe5 Kf3 71. Qg4+ Ke3 72. Qg3+ Ke2 73. Kd4 Kd2 74. Qf2+ Kc1 75. Kc3 Kd1 76. Qf1# 1-0


[Site "https://www.chess.com"]

[Event "Titled Tuesday Blitz April 4 Early 2023"]
[White "Vakhidov, Shahzod"]
[Black "Levitskiy, Andrey"]
[WhiteFideId "14205270"]
[BlackFideId "14132885"]
[WhiteElo "2212"]
[BlackElo "2341"]
[Result "0-1"]
[Round "04"]
[TimeControl "180+2"]
[Date "2023.04.04"]
[WhiteClock "0:00:01"]
[BlackClock "0:00:04"]

1. d4 Nf6 2. Nf3 d5 3. g3 b5 4. Bg2 e6 5. O-O Bb7 6. a4 c6 7. Ne5 Nbd7 8. c3 a6 9. axb5 cxb5 10. Bf4 Nxe5 11. dxe5 Nd7 12. h4 Bc5 13. Nd2 Bb6 14. e4 Nc5 15. Qe2 d4 16. cxd4 Qxd4 17. Rfd1 Qb4 18. Be3 O-O 19. Qg4 Rfc8 20. h5 Bc7 21. Nf3 Nxe4 22. h6 g6 23. Rd4 Qxb2 24. Rf1 Nc3 25. Rd2 Qa3 26. Rd7 Ne2+ 27. Kh2 Qf8 28. Re1 Nc3 29. Rc1 Nd5 30. Bg5 b4 31. Bf6 Nxf6 32. exf6 Bd5 33. Rcxc7 Rxc7 34. Rxc7 b3 35. Ne5 b2 36. Bxd5 exd5 37. Rb7 Rb8 38. Rxb8 Qxb8 39. Nc6 b1=Q 40. Ne7+ Kh8 41. Qd7 Qf8 42. Qxd5 Qxh6+ 43. Kg2 Qbh1# 0-1


[Site "https://www.chess.com"]

[Event "Titled Tuesday Blitz April 4 Early 2023"]
[White "De La Colina, Nicolas"]
[Black "Ahn, Hongjin"]
[WhiteFideId "30946921"]
[BlackFideId "13201492"]
[WhiteElo "2046"]
[BlackElo "2182"]
[Result "0-1"]
[Round "04"]
[TimeControl "180+2"]
[Date "2023.04.04"]
[WhiteClock "0:00:03"]
[BlackClock "0:00:05"]

1. e4 c5 2. Nf3 Nf6 3. d3 Nc6 4. g3 g6 5. Bg2 Bg7 6. O-O O-O 7. Nbd2 d5 8. c3 e5 9. Re1 Re8 10. h3 h6 11. Qc2 b6 12. exd5 Nxd5 13. Nc4 Bb7 14. a4 Rc8 15. Ne3 Nxe3 16. Bxe3 Nd4 17. Bxd4 cxd4 18. c4 f5 19. Nd2 Bxg2 20. Kxg2 Qd7 21. f3 h5 22. Re2 h4 23. g4 Bh6 24. Rae1 Bf4 25. Nf1 Qc6 26. Nd2 fxg4 27. hxg4 h3+ 28. Kf2 Rf8 29. Ne4 Kg7 30. Rf1 Rf7 31. Qd1 Rcf8 32. Ree1 Qd7 33. Kg1 Qe7 34. Kh1 Qh4 35. Qe2 Be3 36. Ra1 a5 37. Rab1 Qe7 38. b3 Rf4 39. Rb2 Qf7 40. b4 Rxg4 41. fxg4 Qxf1+ 42. Qxf1 Rxf1+ 43. Kh2 Rf3 44. bxa5 Bf4+ 45. Kg1 h2+ 46. Rxh2 Bxh2+ 47. Kxh2 bxa5 48. Nc5 Re3 49. Kg2 Kf6 50. Kf2 Kg5 51. Ne4+ Kxg4 52. Nc5 Kf5 53. Kg2 g5 54. Kf2 g4 55. Kg2 Kg5 56. Ne6+ Kh4 57. Nc5 g3 58. Kf1 Kh3 0-1


[Site "https://www.chess.com"]

[Event "Titled Tuesday Blitz April 4 Early 2023"]
[White "Kowalczyk, Pawel"]
[Black "Eynullayev, Atilla"]
[WhiteFideId "1130641"]
[BlackFideId "13413570"]
[WhiteElo "2324"]
[BlackElo "2181"]
[Result "0-1"]
[Round "04"]
[TimeControl "180+2"]
[Date "2023.04.04"]
[WhiteClock "0:00:32"]
[BlackClock "0:00:07"]

1. b4 Nf6 2. Bb2 g6 3. Nf3 Bg7 4. g3 O-O 5. Bg2 d5 6. O-O a5 7. b5 c5 8. e3 a4 9. c4 dxc4 10. Na3 Be6 11. Qc2 Qd3 12. Ne5 Qxc2 13. Nxc2 Ng4 14. f4 Nxe5 15. fxe5 Ra7 16. b6 Ra6 17. Ba3 Nd7 18. Rab1 Rb8 19. Rb5 Bxe5 20. Rfb1 Bd6 21. Bf1 Bd5 22. Kf2 Bc6 23. R5b2 Bd5 24. Rb5 Rba8 25. Ne1 Ra5 26. R5b2 Be5 27. Rb5 Rxb5 28. Rxb5 Bc6 29. Rb1 Bd5 30. Nf3 Bd6 31. Ng5 Ra6 32. e4 Bc6 33. Bxc4 Rxb6 34. Rxb6 Nxb6 35. Bxf7+ Kg7 36. Bb2+ Kf8 37. Be6 Ke8 38. Nxh7 c4 39. Ng5 a3 40. Bd4 Na4 41. Bxc4 b5 42. Bf7+ Kd7 43. Bxg6 b4 44. Bf7 Bc5 45. Be6+ Kd6 46. e5+ Kc7 47. Ke3 Bxd4+ 48. Kxd4 Kb6 49. h4 Nc5 50. Bf5 b3 51. Bb1 b2 52. h5 Ba4 53. h6 Nb3+ 54. axb3 Bxb3 55. h7 a2 56. h8=Q axb1=Q 57. Qb8+ Ka6 58. Qxb3 Qg1+ 59. Ke4 b1=Q+ 60. Qxb1 Qxb1+ 61. d3 Qe1+ 62. Kf5 Kb5 63. Ne4 Qe3 64. g4 Qxd3 65. g5 Kc6 66. g6 Kd5 67. g7 Qxe4+ 68. Kg5 Qg2+ 0-1


[Site "https://www.chess.com"]

[Event "Titled Tuesday Blitz April 4 Early 2023"]
[White "polandchessplayer"]
[Black "Francisco Guecamburu, Candela Be"]
[BlackFideId "160911"]
[WhiteElo "2698"]
[BlackElo "2326"]
[Result "1/2-1/2"]
[Round "04"]
[TimeControl "180+2"]
[Date "2023.04.04"]
[WhiteClock "0:00:40"]
[BlackClock "0:00:06"]

1. c4 c5 2. Nc3 Nc6 3. g3 g6 4. Bg2 Bg7 5. e4 d6 6. Nge2 e6 7. d3 Nge7 8. O-O O-O 9. Be3 Nd4 10. f4 Rb8 11. a4 b6 12. Rb1 Bb7 13. Nb5 Nxe2+ 14. Qxe2 Nc6 15. Nc3 Nd4 16. Qf2 a5 17. Ne2 Nc2 18. Bd2 Bc6 19. b3 Qd7 20. Rbc1 Nb4 21. Bxb4 axb4 22. Rfd1 f5 23. exf5 exf5 24. d4 Bxg2 25. Qxg2 Qe7 26. Rd3 Rbe8 27. Rc2 Kh8 28. Qf3 Rf6 29. d5 Rf7 30. Kf2 Qf6 31. Re3 Rxe3 32. Qxe3 Re7 33. Qd3 Qf8 34. Rd2 Qe8 35. Rd1 Re4 36. Qf3 Qe7 37. Rd3 Qe8 38. Re3 Bd4 39. Nxd4 cxd4 40. Rd3 Kg8 41. Qd1 Re3 42. Qd2 Rxd3 43. Qxd3 Qe4 44. Qd2 Qb1 45. Qxb4 Qc2+ 46. Kf3 d3 47. Qe1 d2 48. Qe8+ Kg7 49. Qe7+ Kg8 50. Qe8+ Kg7 51. Qe7+ Kg8 52. Qd8+ Kg7 53. Qe7+ 1/2-1/2


[Site "https://www.chess.com"]

[Event "Titled Tuesday Blitz April 4 Early 2023"]
[White "Mortazavi, Ali"]
[Black "Bashirli, Nail"]
[WhiteFideId "401323"]
[BlackFideId "13406809"]
[WhiteElo "2339"]
[BlackElo "2322"]
[Result "1-0"]
[Round "04"]
[TimeControl "180+2"]
[Date "2023.04.04"]
[WhiteClock "0:00:21"]
[BlackClock "0:00:06"]

1. Nf3 Nf6 2. g3 d5 3. Bg2 c6 4. O-O Bg4 5. d3 Nbd7 6. c4 e6 7. Be3 Be7 8. Qb3 b6 9. Nc3 O-O 10. Qa4 Nc5 11. Bxc5 Bxc5 12. Ne5 Rc8 13. cxd5 b5 14. Qa6 b4 15. Na4 cxd5 16. Rac1 Bxe2 17. Nxc5 Bxf1 18. Bxf1 Qb6 19. d4 Rc7 20. Rd1 Rd8 21. Qe2 a5 22. b3 Qd6 23. h3 Qb6 24. Bg2 Qb8 25. Kh2 Ne8 26. Na6 Qb6 27. Nxc7 Nxc7 28. Bf1 Ne8 29. Qb5 Qd6 30. Rc1 g6 31. Qc5 Qb8 32. Qe7 Nd6 33. Rc7 Kg7 34. Nxf7 Nf5 35. Qc5 Rf8 36. Ne5+ Kh6 37. Ng4+ Kg5 38. Qc1+ Kh5 39. Rxh7+ 1-0


[Site "https://www.chess.com"]

[Event "Titled Tuesday Blitz April 4 Early 2023"]
[White "Perez Gormaz, Matias"]
[Black "Gubajdullin, Alexei"]
[WhiteFideId "3406342"]
[BlackFideId "4141202"]
[WhiteElo "2362"]
[BlackElo "2279"]
[Result "0-1"]
[Round "04"]
[TimeControl "180+2"]
[Date "2023.04.04"]
[WhiteClock "0:00:01"]
[BlackClock "0:00:52"]

1. e4 e5 2. Nf3 Nf6 3. Nxe5 d6 4. Nf3 Nxe4 5. d4 d5 6. Bd3 Nc6 7. O-O Be7 8. Re1 Bf5 9. Nbd2 Nxd2 10. Qxd2 Bxd3 11. Qxd3 O-O 12. Bf4 Bd6 13. Ng5 g6 14. Bd2 Qd7 15. h3 Rfe8 16. c3 a6 17. h4 Qg4 18. g3 Ne7 19. Qf3 Qxf3 20. Nxf3 Nf5 21. g4 Ng7 22. Ng5 h5 23. f3 Bg3 24. Rxe8+ Rxe8 25. Kf1 Bxh4 26. Nh3 hxg4 27. fxg4 Re4 28. Nf4 c6 29. Nd3 Rxg4 30. Nc5 Nf5 31. Nxb7 Ng3+ 32. Kg2 Ne4+ 33. Kf3 Rg3+ 34. Ke2 Rg2+ 35. Kf3 Rxd2 36. Nd8 f5 37. Nxc6 Rf2+ 0-1


[Site "https://www.chess.com"]

[Event "Titled Tuesday Blitz April 4 Early 2023"]
[White "Gurevich, Dmitry"]
[Black "Salemgareev, Tagir"]
[WhiteFideId "2000407"]
[BlackFideId "24199052"]
[WhiteElo "2506"]
[BlackElo "2360"]
[Result "1/2-1/2"]
[Round "04"]
[TimeControl "180+2"]
[Date "2023.04.04"]
[WhiteClock "0:00:03"]
[BlackClock "0:00:06"]

1. d4 Nf6 2. c4 e6 3. Nc3 Bb4 4. a3 Bxc3+ 5. bxc3 c5 6. e3 Nc6 7. Bd3 O-O 8. Ne2 b6 9. e4 Ne8 10. O-O Na5 11. Ng3 Ba6 12. e5 Bxc4 13. Bxc4 Nxc4 14. Qe2 d5 15. f4 cxd4 16. cxd4 f5 17. exf6 Nxf6 18. Qxe6+ Kh8 19. Qe2 Re8 20. Qd3 Ne4 21. f5 Rc8 22. Bf4 Nxg3 23. hxg3 Re4 24. Rae1 Qe7 25. Rxe4 dxe4 26. Qc3 Qxa3 27. Qxa3 Nxa3 28. d5 Rd8 29. Rc1 Kg8 30. d6 Nb5 31. Rd1 Nc3 32. Rd2 e3 33. Rd3 Ne2+ 34. Kf1 Nxf4 35. gxf4 Kf7 36. g4 Ke8 37. Rxe3+ Kd7 38. Re7+ Kxd6 39. Rxa7 Rd7 40. Ra8 Kd5 41. Kf2 Ke4 42. Kg3 Rd3+ 43. Kh4 Kxf4 44. Ra4+ Ke5 45. Ra7 g6 46. Re7+ Kf6 47. Re6+ Kf7 48. Rxb6 gxf5 49. gxf5 Rd1 50. Kg5 Rg1+ 1/2-1/2


[Site "https://www.chess.com"]

[Event "Titled Tuesday Blitz April 4 Early 2023"]
[White "Sousa, Andre Ventura"]
[Black "Matinian, Nikita"]
[WhiteFideId "1917617"]
[BlackFideId "24129100"]
[WhiteElo "2348"]
[BlackElo "2422"]
[Result "0-1"]
[Round "04"]
[TimeControl "180+2"]
[Date "2023.04.04"]
[WhiteClock "0:00:35"]
[BlackClock "0:01:27"]

1. e4 c5 2. Nf3 e6 3. d4 cxd4 4. Nxd4 Nc6 5. Nc3 Qc7 6. a3 Nf6 7. Be3 a6 8. Nxc6 Qxc6 9. f3 b5 10. Qd2 Bb7 11. e5 Nd5 12. Nxd5 Qxd5 13. O-O-O Rc8 14. Qxd5 Bxd5 15. Bd3 Bc5 16. Kd2 Ke7 17. Bg5+ f6 18. Bh4 Bd4 19. exf6+ Bxf6 20. Bxf6+ gxf6 21. Ke3 h5 22. h4 e5 23. c3 Be6 24. Be4 f5 25. Bb7 Rc5 26. f4 e4 27. Kd4 d6 28. Bxa6 Ra8 29. Bb7 Ra7 30. Bxe4 Rc4+ 31. Ke3 Rxe4+ 32. Kf3 Raa4 33. Rd2 Rxf4+ 0-1


[Site "https://www.chess.com"]

[Event "Titled Tuesday Blitz April 4 Early 2023"]
[White "Bayo Milagro, Alvaro"]
[Black "EREBUNI91"]
[WhiteFideId "22275240"]
[WhiteElo "2270"]
[BlackElo "2683"]
[Result "1-0"]
[Round "04"]
[TimeControl "180+2"]
[Date "2023.04.04"]
[WhiteClock "0:00:43"]
[BlackClock "0:00:25"]

1. Nf3 Nf6 2. g3 b6 3. Bg2 Bb7 4. O-O e6 5. c4 Be7 6. d4 d5 7. cxd5 exd5 8. Nc3 O-O 9. Ne5 c6 10. Bf4 Nbd7 11. Rc1 Re8 12. e4 dxe4 13. Qb3 Nd5 14. Nxd5 cxd5 15. Nxd7 Ba6 16. Ne5 Bxf1 17. Bxf1 a6 18. Bh3 Bg5 19. Bxg5 Qxg5 20. Rc7 Rxe5 21. dxe5 Qxe5 22. Rd7 Rf8 23. Qxd5 Qxb2 24. Rxf7 Rxf7 25. Qd8+ 1-0


[Site "https://www.chess.com"]

[Event "Titled Tuesday Blitz April 4 Early 2023"]
[White "Ezat, Mohamed"]
[Black "Sreyas Payyappat"]
[WhiteFideId "10600906"]
[BlackFideId "46674969"]
[WhiteElo "2386"]
[BlackElo "2083"]
[Result "0-1"]
[Round "04"]
[TimeControl "180+2"]
[Date "2023.04.04"]
[WhiteClock "0:00:07"]
[BlackClock "0:00:10"]

1. d4 Nf6 2. c4 c5 3. d5 e6 4. Nc3 exd5 5. cxd5 d6 6. e4 g6 7. f4 Bg7 8. Bb5+ Nfd7 9. Be2 O-O 10. Nf3 f5 11. O-O fxe4 12. Nxe4 Nf6 13. Nfg5 Nxe4 14. Nxe4 Bf5 15. Ng3 Nd7 16. Nxf5 Rxf5 17. Bg4 Rf8 18. Be6+ Kh8 19. Bd2 Nf6 20. Qf3 b5 21. a4 Qb6 22. a5 Qb7 23. f5 Nd7 24. Qh3 Ne5 25. Bg5 Bf6 26. Bxf6+ Rxf6 27. fxg6 Rxg6 28. Rf5 Rg7 29. Raf1 Qe7 30. a6 c4 31. Qe3 b4 32. Qd4 Rg4 33. Qd2 Qg7 34. Rxe5 dxe5 35. Bxg4 Qxg4 36. Qxb4 Rg8 37. Qd2 Qe4 38. d6 Rd8 39. Rd1 Qc6 40. Qh6 Qd7 41. Kh1 Qf7 42. Qg5 Rd7 43. Qxe5+ Kg8 44. Qc3 Rxd6 45. Qg3+ Rg6 46. Qd6 Rxd6 47. Re1 Re6 48. Rd1 Qe7 49. Rg1 Re1 50. h3 Qe3 51. Rxe1 Qxe1+ 52. Kh2 Qe5+ 53. Kg1 Qxb2 54. g4 Qb1+ 55. Kg2 c3 56. Kg3 c2 57. Kh4 c1=Q 58. g5 Qg1 59. Kh5 Qbd1+ 60. Kh6 Qd5 61. h4 Qdxg5+ 62. hxg5 Qh2# 0-1


[Site "https://www.chess.com"]

[Event "Titled Tuesday Blitz April 4 Early 2023"]
[White "Shevtchenko, Olesya"]
[Black "Jessel, Stephen"]
[WhiteFideId "24131890"]
[BlackFideId "628859"]
[WhiteElo "2003"]
[BlackElo "2268"]
[Result "0-1"]
[Round "04"]
[TimeControl "180+2"]
[Date "2023.04.04"]
[WhiteClock "0:00:05"]
[BlackClock "0:01:31"]

1. e4 e6 2. Nf3 d5 3. exd5 exd5 4. d4 Nf6 5. Bd3 c5 6. O-O c4 7. Re1+ Be7 8. Bf1 O-O 9. b3 cxb3 10. axb3 Nc6 11. c4 Bg4 12. Be3 Rc8 13. h3 Bh5 14. Nc3 Bb4 15. Rc1 Ne4 16. Nxd5 Bxe1 17. Qxe1 Bxf3 18. gxf3 Nf6 19. Nxf6+ Qxf6 20. Bg2 Nxd4 21. b4 Nxf3+ 22. Bxf3 Qxf3 23. Bxa7 Qxh3 24. Qe3 Qf5 25. c5 Rfe8 26. Qd4 Re4 27. Qd2 Qf3 28. c6 bxc6 29. Rxc6 Rg4+ 30. Kf1 Qxc6 0-1


[Site "https://www.chess.com"]

[Event "Titled Tuesday Blitz April 4 Early 2023"]
[White "Roebers, Eline"]
[Black "Thomforde-Toates, Noah"]
[WhiteFideId "1058401"]
[BlackFideId "30951992"]
[WhiteElo "2517"]
[BlackElo "2663"]
[Result "0-1"]
[Round "04"]
[TimeControl "180+2"]
[Date "2023.04.04"]
[WhiteClock "0:00:01"]
[BlackClock "0:00:29"]

1. e4 c5 2. Nf3 g6 3. d4 cxd4 4. Qxd4 Nf6 5. Nc3 Nc6 6. Qa4 d6 7. e5 dxe5 8. Nxe5 Bd7 9. Nxd7 Nxd7 10. Be3 Bg7 11. Rd1 O-O 12. Be2 Qc8 13. O-O Nb6 14. Qb3 Na5 15. Qb4 Nac4 16. Bc5 Nxb2 17. Nd5 Nxd5 18. Rxd5 Qc6 19. Bf3 Qa4 20. Bxe7 Rfe8 21. Qxa4 Nxa4 22. Rd7 Bf8 23. Bxf8 Kxf8 24. Rxb7 Nc5 25. Rc7 Rac8 26. Rxa7 Ne6 27. Bd1 Nd4 28. f4 Nxc2 29. Bf3 Nd4 30. Bd5 Ne2+ 31. Kh1 Re7 32. Ra4 Nc3 33. Ra5 Rd8 34. Bb3 f5 35. h4 Ne2 36. Kh2 Rd2 37. Rf2 Rd4 38. g3 Re3 39. Ra8+ Kg7 40. Ra7+ Kf8 41. Rxh7 Nxg3 42. Rh8+ Kg7 43. Rg8+ Kh7 44. Rc8 Nh5 45. Rc7+ Kh6 46. Rb2 Nf6 47. Bf7 Ng4+ 48. Kg2 Rdd3 49. Rc6 Rg3+ 50. Kh1 Rd1# 0-1


[Site "https://www.chess.com"]

[Event "Titled Tuesday Blitz April 4 Early 2023"]
[White "Gold_Ocean"]
[Black "Tifferet, Shaked"]
[BlackFideId "2811529"]
[WhiteElo "2654"]
[BlackElo "2142"]
[Result "0-1"]
[Round "04"]
[TimeControl "180+2"]
[Date "2023.04.04"]
[WhiteClock "0:00:06"]
[BlackClock "0:00:13"]

1. d4 d5 2. Nf3 Nf6 3. Bf4 c6 4. g3 g6 5. Bg2 Bg7 6. O-O O-O 7. c4 dxc4 8. a4 a5 9. Na3 Be6 10. Ng5 Nd5 11. Nxe6 fxe6 12. Be5 Bxe5 13. dxe5 Qb6 14. Nxc4 Qb4 15. Qd3 Na6 16. e4 Nc5 17. Qe2 Nb6 18. Nxb6 Qxb6 19. Qe3 Nd7 20. Qc3 Qc5 21. Qb3 Qxe5 22. Qxb7 Nc5 23. Qxc6 Rab8 24. Rac1 Rfc8 25. Rxc5 Qxc5 26. Qxe6+ Kg7 27. b3 Rb6 28. Qg4 Rxb3 29. h4 Rf8 30. e5 Rb2 31. Qe4 Rfxf2 32. Rxf2 Qxf2+ 33. Kh2 Re2 34. Qd5 Re3 35. Qd1 Qxg3+ 36. Kg1 Re1+ 37. Qxe1 Qxe1+ 38. Kh2 Qxe5+ 39. Kh3 Qd4 0-1


[Site "https://www.chess.com"]